 Dungeon Crawl Stone Soup version 0.22-a0-467-g5c5de1c (webtiles) character file.

3598 grizmgrazm2 the Covert (level 9, -8/58 HPs)
             Began as a Vampire Enchanter on June 10, 2018.
             Was a Follower of Wu Jian.
             Mangled by EvilAshe's ghost (23 damage)
             ... on level 8 of the Dungeon.
             The game lasted 00:37:12 (11857 turns).

grizmgrazm2 the Covert (Vampire Enchanter)         Turns: 11857, Time: 00:37:13

Health: -8/58      AC:  7    Str:  7    XL:     9   Next: 85%
Magic:  13/13      EV: 20    Int: 17    God:    Wu Jian [*.....]
Gold:   412        SH:  0    Dex: 18    Spells: 5/14 levels left

rFire    . . .     SeeInvis +   a - +3 dagger
rCold    + . .     Gourm    .   (no shield)
rNeg     + + .     Faith    .   b - +0 robe
rPois    +         Spirit   .   g - +2 helmet
rElec    .         Reflect  .   (no cloak)
rCorr    .         Harm     .   k - +0 pair of gloves
MR       .....                  t - +0 pair of boots
Stlth    ++++++....             (no amulet)
HPRegen  0.09/turn              (no ring)
MPRegen  0.13/turn              (no ring)

@: regenerating slowly
A: fangs 3, see invisible, unbreathing
a: Bat Form, Renounce Religion


You were on level 8 of the Dungeon.
You worshipped Wu Jian.
Wu Jian was aware of your devotion.
You were near bloodless.

You visited 2 branches of the dungeon, and saw 10 of its levels.
You also visited: Ossuary.

You collected 412 gold pieces.

Inventory:

Hand Weapons
 a - a +3 dagger (weapon)
 m - a +0 lajatang of protection
Armour
 b - a +0 robe (worn)
 g - a +2 helmet (worn)
 k - a +0 pair of gloves (worn)
 t - a +0 pair of boots (worn)
Magical Staves
 p - an uncursed staff of cold
Wands
 l - a wand of disintegration (17)
 x - a wand of flame (22)
Scrolls
 f - 6 scrolls of teleportation
 h - 7 scrolls of identify
 r - a scroll of fog
 u - 2 scrolls of fear
 v - a scroll of magic mapping
 w - 2 scrolls of amnesia
Potions
 c - 2 potions of magic
 d - 22 potions of blood
 e - 2 potions of flight
 i - 2 potions of cancellation
 j - 4 potions of haste
 n - 4 potions of brilliance
 o - 3 potions of curing
 q - a potion of heal wounds
 s - a potion of agility
 z - a potion of might


   Skills:
 + Level 0.8 Fighting
 + Level 1.4 Short Blades
 + Level 9.8 Dodging
 + Level 11.8 Stealth
 + Level 3.1 Spellcasting
 + Level 10.9 Hexes
 - Level 3.0 Ice Magic


You had 5 spell levels left.
You knew the following spells:

 Your Spells              Type           Power        Failure   Level  Hunger
a - Ensorcelled Hibernat  Hex/Ice        ####..       1%          2    ##.....
b - Confuse               Hex            #####...     1%          3    ###....
c - Corona                Hex            #####..      1%          1    None
d - Tukima's Dance        Hex            #####...     1%          3    ###....

Your spell library contained the following spells:

 Spells                   Type           Power        Failure   Level  Hunger
 Magic Dart               Conj           #...         17%         1    None
 Conjure Flame            Conj/Fire      #.......     45%         3    ###....
 Slow                     Hex            #####...     1%          2    ##.....
 Mephitic Cloud           Conj/Pois/Air  #.......     45%         3    ###....
 Blink                    Tloc           N/A          26%         2    ##.....
 Call Imp                 Summ           #.......     26%         2    ##.....
 Dazzling Spray           Conj/Hex       ###...       5%          3    ###....


Dungeon Overview and Level Annotations

Branches:
Dungeon (9/15)             Temple (1/1) D:6
   Lair: D:8-11         Orc: D:9-12

Altars:
Ashenzari
Cheibriados
Dithmenos
Elyvilon
Fedhas
Gozag
Hepliaklqana
Kikubaaqudgha
Makhleb
Nemelex Xobeh
Okawaru
Qazlal
Ru
Sif Muna
Trog
Uskayaw
Vehumet
Wu Jian
Xom
Yredelemnul
Zin
The Shining One

Annotations:
D:8 EvilAshe's ghost, novice TrBe


Innate Abilities, Weirdness & Mutations

You heal slowly.
You have razor-sharp teeth.
You have supernaturally acute eyesight. (SInv)
You can survive without breathing.


Message History

Magic restored.
You start waiting.
Done waiting.
You start waiting.
Done waiting.
Yummy - fresh blood!
You are feeling very thirsty.
You start resting.
You feel almost devoid of blood!
You start resting.
HP restored.
You climb downwards.
Level annotation: EvilAshe's ghost, novice TrBe EvilAshe's ghost hits you!!
EvilAshe's ghost screams in joy, "As in life, so in death: Kill!
Kill!!
Kill!!!"
EvilAshe's ghost hits you!
* * * LOW HITPOINT WARNING * * *
There is a stone staircase leading up here.
EvilAshe's ghost hits you!!
You die...

#.......#>.....#........
#####รท#......#.........
#...#.#.##...#.........
#.#%..#.##...#..........
#.#####...(..#..........#
#............#..........#
###########....)>[..........#
#..........(.....#..........#
#..%...........W@#..........#
#........####'####..........#
#.......###...^.###.......[.#
###....## #.._..# #.W.......#
#....# #.###.# #(........#
#..... ###$### #.........#
#..... ##$$$####.........#
#$$$# #..........# #####
#.)........#


You could see EvilAshe's ghost.

Vanquished Creatures
  A hungry ghost (D:7)
  A water moccasin (D:8)
  Duvessa (D:7)
  A phantom (D:7)
  2 orc warriors
  2 sky beasts
  A black bear (D:6)
  2 ogres
  3 centaurs
  2 big kobolds
  5 bullfrogs
  A gnoll sergeant (D:7)
  3 water moccasin zombies (Ossuary)
  Dowan (D:7)
  A wyvern skeleton (D:9)
  A howler monkey (D:6)
  3 crimson imps
  A centaur zombie (D:6)
  2 quasits
  4 orc priests
  3 hounds
  2 bullfrog skeletons
  An iguana (D:7)
  Natasha (thrice) (D:2)
  7 orc wizards
  7 worker ants
  3 big kobold zombies (Ossuary)
  2 hound zombies
  A hound skeleton (D:7)
  2 mummies (Ossuary)
  15 gnolls
  13 adders
  2 shadow imps
  2 oozes (D:1)
  An adder skeleton (D:6)
  7 adder zombies (Ossuary)
  2 worms
  A dart slug (D:3)
  5 leopard geckos
  15 orcs
  3 ball pythons
  6 giant cockroaches
  5 gnoll zombies (Ossuary)
  7 goblins
  9 hobgoblins
  4 jackals
  16 kobolds
  A quokka (D:7)
  7 bats
  11 frilled lizards
  3 hobgoblin zombies (Ossuary)
  A jackal skeleton (D:6)
  5 kobold zombies (Ossuary)
  5 orc zombies (Ossuary)
  A quokka skeleton (D:9)
  A quokka zombie (D:7)
  10 rats
227 creatures vanquished.

Vanquished Creatures (others)
  2 plants (D:2)
2 creatures vanquished.

Grand Total: 229 creatures vanquished

Notes
Turn   | Place    | Note
-------+----------+-------------------------------------------
     0 | D:1      | grizmgrazm2 the Vampire Enchanter began the quest for the Orb.
     0 | D:1      | Reached XP level 1. HP: 13/13 MP: 3/3
   375 | D:1      | Reached XP level 2. HP: 19/19 MP: 5/5
   577 | D:1      | Reached skill level 5 in Stealth
   580 | D:1      | Reached skill level 5 in Hexes
   656 | D:1      | Learned a level 2 spell: Ensorcelled Hibernation
   710 | D:1      | Reached XP level 3. HP: 21/24 MP: 3/6
  1005 | D:2      | Noticed Natasha
  1010 | D:2      | Killed Natasha
  1056 | D:2      | Reached skill level 1 in Ice Magic
  1056 | D:2      | Reached XP level 4. HP: 31/31 MP: 2/7
  1166 | D:2      | Learned a level 3 spell: Confuse
  1368 | D:2      | Reached skill level 6 in Stealth
  1396 | D:2      | Reached XP level 5. HP: 22/36 MP: 2/9
  1544 | D:2      | Noticed Natasha
  1553 | D:2      | Killed Natasha
  1902 | D:2      | Noticed Natasha
  1927 | D:2      | Killed Natasha
  2492 | D:3      | Learned a level 3 spell: Tukima's Dance
  2678 | D:3      | Reached skill level 7 in Stealth
  3378 | D:3      | Reached XP level 6. HP: 40/42 MP: 7/10
  3749 | D:4      | Found a sand-covered staircase.
  3754 | Ossuary  | Entered an ossuary
  4212 | Ossuary  | Reached XP level 7. HP: 44/47 MP: 11/11
  4997 | D:5      | Entered Level 5 of the Dungeon
  5574 | D:5      | Reached skill level 8 in Stealth
  6440 | D:5      | Reached skill level 5 in Dodging
  6896 | D:5      | Reached XP level 8. HP: 51/53 MP: 8/12
  7140 | D:6      | Found a basalt altar of Yredelemnul.
  7198 | D:6      | Reached skill level 9 in Stealth
  8220 | D:6      | Reached skill level 10 in Stealth
  8434 | D:6      | Found a staircase to the Ecumenical Temple.
  8443 | Temple   | Entered the Ecumenical Temple
  8546 | Temple   | Became a worshipper of the Wu Jian Council
  9674 | D:7      | Reached XP level 9. HP: 58/58 MP: 8/13
 10014 | D:7      | Found a hide-covered altar of Uskayaw.
 10087 | D:7      | Found a shimmering altar of Xom.
 10092 | D:7      | Found an iron altar of Okawaru.
 10092 | D:7      | Found a bloodstained altar of Trog.
 10159 | D:7      | Reached skill level 10 in Hexes
 10191 | D:7      | Reached skill level 11 in Stealth
 10447 | D:7      | Noticed Dowan
 10448 | D:7      | Noticed Duvessa
 10456 | D:7      | Killed Duvessa
 10478 | D:7      | Killed Dowan
 10789 | D:8      | Reached * piety under Wu Jian
 10797 | D:8      | Found a glowing silver altar of Zin.
 11145 | D:8      | Noticed EvilAshe's ghost (novice TrBe)
 11857 | D:8      | Mangled by EvilAshe's ghost

Vault maps used:
D:1:      wheals_arrival_linesprint
D:2:      palyth_stone_intersect, minmay_lizard_king, uniq_natasha
D:4:      enter_ossuary_5, kennysheep_generic_room_13
D:5:      first_ration
D:6:      overflow_temple_1_default, lemuel_temple_firewalk_b
D:7:      grunt_temple_overflow_open, uniq_duvessa
D:8:      zin_treasury, patterned_corridor
D:9:      uniq_maurice
Temple:   eino_temple_scatter_basement
Ossuary:  ossuary_tomb_2

Skill      XL: |  1  2  3  4  5  6  7  8  9 |
---------------+----------------------------+-----
Stealth        | 5 6 7 8 10 11 | 11.8
Hexes          | 5 6 7 8 9 10 | 10.9
Ice Magic      | 1 2 3 |  3.0
Spellcasting   | 3 |  3.1
Dodging        | 3 5 7 9 |  9.8
Fighting       | |  0.8
Short Blades   | |  1.4

Action                   |  1- 3 |  4- 6 |  7- 9 || total
-------------------------+-------+-------+-------++-------
Melee: Dagger            |    90 |   243 |   398 ||   731
       Bite              |     6 |    23 |    36 ||    65
       Lajatang          |       |    22 |       ||    22
 Cast: Corona            |    11 |     4 |     2 ||    17
       Ensorcelled Hiber |     8 |    37 |   106 ||   151
       Confuse           |       |    11 |    32 ||    43
Invok: Lunge             |       |       |    27 ||    27
       Whirlwind         |       |       |     9 ||     9
  Use: Potion            |       |    13 |    10 ||    23
       Scroll            |       |    15 |     8 ||    23
 Stab: Sleeping          |    13 |    38 |    72 ||   123
       Confused          |       |     5 |    20 ||    25
       Distracted        |       |     2 |     1 ||     3
  Eat: Corpse            |       |       |     1 ||     1
Armor: Robe              |    24 |    58 |   123 ||   205
Dodge: Dodged            |    56 |   152 |   405 ||   613

Table legend:
 A = Spawn XP
 B = Non-spawn XP
 C = Spawn XP percentage of total XP
 D = Spawn monster count
 E = Non-spawn monster count
 F = Spawn count percentage of total count
 G = Total turns spent on level
                    A         B        C        D         E        F      G
               +---------+---------+-------+---------+---------+-------+---------
         Total |       0 |    5141 |   0.0 |       0 |     225 |   0.0 | 11857
               +---------+---------+-------+---------+---------+-------+---------
           D:1 |       0 |      55 |   0.0 |       0 |      24 |   0.0 |  1005
           D:2 |       0 |     248 |   0.0 |       0 |      30 |   0.0 |  1634
           D:3 |       0 |     214 |   0.0 |       0 |      32 |   0.0 |  1093
           D:4 |       0 |      45 |   0.0 |       0 |       5 |   0.0 |   672
           D:5 |       0 |     591 |   0.0 |       0 |      19 |   0.0 |  1627
           D:6 |       0 |    1055 |   0.0 |       0 |      29 |   0.0 |  2145
           D:7 |       0 |    1839 |   0.0 |       0 |      38 |   0.0 |  1920
           D:8 |       0 |     550 |   0.0 |       0 |      10 |   0.0 |   238
           D:9 |       0 |     153 |   0.0 |       0 |       7 |   0.0 |   223
       Ossuary |       0 |     391 |   0.0 |       0 |      31 |   0.0 |  1134
               +---------+---------+-------+---------+---------+-------+---------
